 Dungeon Crawl Stone Soup version 0.23.2-40-g277498a001 (webtiles) character file.

Game seed: 1412554259005299654

7670 pastnights the Cleaver (level 10, -12/94 HPs)
             Began as a Minotaur Berserker on Aug 26, 2019.
             Was a High Priest of Trog.
             Mangled by a death yak (13 damage)
             ... on level 9 of the Dungeon.
             The game lasted 00:12:42 (8088 turns).

pastnights the Cleaver (Minotaur Berserker)         Turns: 8088, Time: 00:12:42

Health: -12/94     AC: 14    Str: 22    XL:     10   Next: 99%
Magic:  9/9        EV: 12    Int:  4    God:    Trog [*****.]
Gold:   497        SH:  0    Dex: 13    Spells: 9/9 levels left

rFire    . . .     SeeInvis .   L - +1 hand axe (freeze)
rCold    . . .     Gourm    .   (no shield)
rNeg     . . .     Faith    +   g - +0 ring mail
rPois    .         Spirit   .   (helmet restricted)
rElec    .         Reflect  .   d - +0 cloak (curse)
rCorr    .         Harm     .   f - +2 pair of gloves
MR       .....                  (no boots)
Stlth    +.........             b - amulet of faith
HPRegen  0.25/turn              p - +2 ring of protection
MPRegen  0.11/turn              (no ring)

@: berserk cooldown, slowed, very slow
A: retaliatory headbutt, horns 2
a: Berserk, Trog's Hand, Brothers in Arms, Renounce Religion


You were on level 9 of the Dungeon.
You worshipped Trog.
Trog was extremely pleased with you.
You were very hungry.

You visited 2 branches of the dungeon, and saw 10 of its levels.

You collected 497 gold pieces.

Inventory:

Hand Weapons
 z - a +0 broad axe
 L - a +1 hand axe of freezing (weapon)
Armour
 d - a cursed +0 cloak (worn)
 f - a +2 pair of gloves (worn)
 g - a +0 ring mail (worn)
Jewellery
 b - an amulet of faith (around neck)
 o - an uncursed ring of protection from fire
 p - a +2 ring of protection (left hand)
Wands
 q - a wand of polymorph (11)
 y - a wand of acid (17)
 G - a wand of flame (11)
Scrolls
 e - a scroll of identify
 h - 2 scrolls of enchant armour {unknown}
 k - 8 scrolls of remove curse
 m - 4 scrolls of enchant weapon
 s - 2 scrolls of blinking {unknown}
 t - 2 scrolls of magic mapping {unknown}
 v - 2 scrolls of noise {unknown}
 A - a scroll of vulnerability {unknown}
 B - a scroll of random uselessness {unknown}
 D - a scroll of amnesia {unknown}
 E - 3 scrolls of fear {unknown}
 F - a scroll of fog {unknown}
 K - a scroll of teleportation {unknown}
Potions
 i - 5 potions of curing
 j - a potion of flight
 l - 2 potions of heal wounds
 n - 2 potions of brilliance
 r - a potion of ambrosia
 x - 2 potions of haste
 C - a potion of mutation
 I - 2 potions of magic {unknown}
 J - a potion of might {unknown}
Comestibles
 c - 14 rations
 H - 4 chunks of flesh


   Skills:
 + Level 10.7 Fighting
 - Level 14.0 Axes
 - Level 10.5 Armour
 - Level 2.1 Dodging


You had 9 spell levels left.
You didn't know any spells.
Your spell library was empty.

Dungeon Overview and Level Annotations

Branches:
Dungeon (9/15)             Temple (1/1) D:6            Lair (0/6) D:9
    Orc: D:9-12

Altars:
Ashenzari
Cheibriados
Dithmenos
Elyvilon
Fedhas
Gozag
Hepliaklqana
Kikubaaqudgha
Nemelex Xobeh
Okawaru
Qazlal
Ru
Trog
Uskayaw
Vehumet
Wu Jian
Xom
Yredelemnul
Zin
The Shining One

Shops:
D:6 =


Innate Abilities, Weirdness & Mutations

You reflexively headbutt those who attack you in melee.
You have a pair of horns on your head.


Message History

Things that are here:
a yak corpse x2
You hit the death yak. You freeze the death yak.
You headbutt the death yak, but do no damage.
The death yak is lightly wounded.
The death yak gores you but does no damage.
You hit the death yak but do no damage.
The death yak is lightly wounded.
The death yak closely misses you.
You hit the death yak. You freeze the death yak.
The death yak is lightly wounded.
The death yak gores you!
* * * LOW HITPOINT WARNING * * *
You hit the death yak but do no damage.
The death yak is lightly wounded.
The death yak misses you.
You hit the death yak. You freeze the death yak.
The death yak is lightly wounded.
The death yak gores you!
You die...

.........#........
#........#.....#
##.##....)......#
###### #.
###.Y#......### #.....
#. ##............#
#.##.#
#.#.............#
#.##.# #..............#
#.##.. ##.####Y#...####
#.#... #....@.#...#
#..... ########)..#
#....> #...# ###...
#)..# #)##
#..(########.##
#.#####..(##.........
#...............##.##
..................##.#.
.##...............##.#.


You could see a death yak.

Vanquished Creatures
  A two-headed ogre (D:9)
  4 death yaks (D:9)
  Psyche (D:9)
  Prince Ribbit (D:7)
  4 hogs (D:8)
  2 yaks (D:9)
  A human (D:8)
  Menkaure (D:6)
  An ice beast (D:6)
  An orc warrior (D:6)
  2 black bears
  A sky beast (D:8)
  5 ogres
  3 centaurs
  A crocodile (D:7)
  A big kobold (D:8)
  4 bullfrogs
  A wyvern zombie (D:9)
  A scorpion (D:6)
  A water moccasin skeleton (D:6)
  3 wights (D:9)
  4 howler monkeys (D:7)
  6 crimson imps
  A bullfrog zombie (D:6)
  2 hounds
  3 jellies
  A quasit (D:6)
  2 orc priests
  4 orc wizards
  Terence (D:3)
  2 iguanas
  4 worker ants
  A hound zombie (D:7)
  A hound skeleton (D:6)
  A howler monkey zombie (D:8)
  A worker ant zombie (D:8)
  9 adders
  3 gnolls (D:6)
  A shadow imp (D:5)
  An ooze (D:3)
  2 adder skeletons
  3 worms
  2 dart slugs (D:1)
  9 leopard geckos
  23 orcs
  5 giant cockroaches
  5 goblins
  4 hobgoblins
  14 jackals
  A quokka (D:5)
  7 bats
  7 frilled lizards
  A jackal skeleton (D:6)
  8 kobolds
  A leopard gecko skeleton (D:4)
  6 rats
186 creatures vanquished.

Notes
Turn   | Place    | Note
-------+----------+-------------------------------------------
     0 | D:1      | pastnights the Minotaur Berserker began the quest for the
                  | Orb.
     0 | D:1      | Reached XP level 1. HP: 19/19 MP: 0/0
   197 | D:1      | Reached skill level 4 in Axes
   221 | D:1      | Reached XP level 2. HP: 22/26 MP: 1/1
   645 | D:1      | Found a shimmering altar of Xom.
   697 | D:2      | Reached skill level 5 in Axes
   713 | D:2      | Reached XP level 3. HP: 31/31 MP: 2/2
   840 | D:2      | Reached ** piety under Trog
  1265 | D:2      | Found a glowing silver altar of Zin.
  1265 | D:2      | Found a hide-covered altar of Uskayaw.
  1649 | D:3      | Reached skill level 6 in Axes
  1649 | D:3      | Reached XP level 4. HP: 38/39 MP: 3/3
  1731 | D:3      | Found a stormy altar of Qazlal.
  1733 | D:3      | Found a blossoming altar of Fedhas.
  1789 | D:3      | Reached skill level 7 in Axes
  1789 | D:3      | Reached XP level 5. HP: 44/45 MP: 4/4
  1919 | D:3      | Noticed Terence
  1928 | D:3      | Killed Terence
  2586 | D:4      | Noticed an ogre
  2591 | D:4      | Killed an ogre
  2591 | D:4      | Reached skill level 8 in Axes
  2591 | D:4      | Reached XP level 6. HP: 38/51 MP: 5/5
  2607 | D:4      | Reached *** piety under Trog
  3044 | D:4      | Found a white marble altar of Elyvilon.
  3316 | D:5      | Entered Level 5 of the Dungeon
  3660 | D:5      | Reached skill level 9 in Axes
  3862 | D:6      | Noticed an ice beast
  3870 | D:6      | Noticed an orc warrior
  3876 | D:6      | Reached XP level 7. HP: 57/57 MP: 6/6
  3885 | D:6      | Reached skill level 10 in Axes
  4361 | D:6      | Reached skill level 11 in Axes
  4403 | D:6      | Found a staircase to the Ecumenical Temple.
  4403 | D:6      | Noticed Menkaure
  4409 | D:6      | Reached XP level 8. HP: 44/64 MP: 7/7
  4418 | D:6      | Killed Menkaure
  4518 | Temple   | Entered the Ecumenical Temple
  4673 | D:6      | Reached skill level 12 in Axes
  4743 | D:6      | Found Estifis's Jewellery Emporium.
  4786 | D:6      | Reached **** piety under Trog
  5071 | D:6      | Found a sacrificial altar of Ru.
  5129 | D:7      | Reached skill level 13 in Axes
  5343 | D:7      | Noticed Prince Ribbit
  5361 | D:7      | Killed Prince Ribbit
  5361 | D:7      | Reached XP level 9. HP: 53/70 MP: 8/8
  5676 | D:7      | Found a sparkling altar of Nemelex Xobeh.
  5690 | D:7      | Reached skill level 14 in Axes
  6092 | D:8      | Reached skill level 5 in Fighting
  6193 | D:8      | Found a stormy altar of Qazlal.
  6217 | D:8      | Found a radiant altar of Vehumet.
  6510 | D:8      | Found a shimmering altar of Xom.
  7144 | D:9      | Noticed a two-headed ogre
  7156 | D:9      | Killed a two-headed ogre
  7156 | D:9      | Reached skill level 10 in Fighting
  7156 | D:9      | Reached XP level 10. HP: 73/94 MP: 9/9
  7593 | D:9      | Noticed Psyche
  7610 | D:9      | Killed Psyche
  7610 | D:9      | Reached skill level 5 in Armour
  7789 | D:9      | Noticed a death yak
  7819 | D:9      | Reached ***** piety under Trog
  7832 | D:9      | Killed a death yak
  8024 | D:9      | Found a staircase to the Lair.
  8025 | D:9      | Noticed a death yak
  8026 | D:9      | Noticed a death yak
  8026 | D:9      | Noticed a death yak
  8027 | D:9      | Noticed a death yak
  8055 | D:9      | Killed a death yak
  8066 | D:9      | Killed a death yak
  8079 | D:9      | Killed a death yak
  8079 | D:9      | Reached skill level 10 in Armour
  8086 | D:9      | HP: 1/94 [death yak (14)]
  8088 | D:9      | Mangled by a death yak

Skill      XL: |  1  2  3  4  5  6  7  8  9 10 |
---------------+-------------------------------+-----
Axes           | 4 5 6 7 8 9 11 13 14 | 14.0
Fighting       | 10 | 10.7
Armour         | 10 | 10.5
Dodging        | |  2.1

Action                   |  1- 3 |  4- 6 |  7- 9 | 10-12 || total
-------------------------+-------+-------+-------+-------++-------
Melee: Hand axe          |   103 |   130 |   312 |   118 ||   663
       Headbutt          |    16 |    23 |    72 |    34 ||   145
Invok: Berserk           |       |       |     3 |     2 ||     5
       Trog's Hand       |       |       |     1 |       ||     1
  Use: Scroll            |       |     7 |     3 |     2 ||    12
 Stab: Sleeping          |     1 |       |       |       ||     1
  Eat: Chunk             |     2 |     7 |    10 |     1 ||    20
       Ration            |       |       |     2 |       ||     2
Armor: Ring mail         |    45 |    54 |   105 |    18 ||   222
Dodge: Dodged            |    76 |    67 |   127 |    31 ||   301
